 Dungeon Crawl Stone Soup version 0.31.0-11-ge490571c62 (webtiles) character file.

Game seed: 1496002751464343177

76 qw the Shooter (level 4, -2/25 HPs)
             Began as a Deep Elf Hunter on Feb 3, 2024.
             Slain by an orc
             ... wielding a +1 flail of protection
              (9 damage)
             ... on level 3 of the Dungeon.
             The game lasted 00:00:05 (1935 turns).

qw the Shooter (Deep Elf Hunter)                    Turns: 1935, Time: 00:00:06

Health: -2/25      AC:  5    Str: 10    XL:     4   Next: 12%
Magic:  6/6        EV: 11    Int: 14    God:
Gold:   96         SH:  0    Dex: 18    Spells: 3/3 levels left

rFire   . . .        a - +0 shortbow
rCold   . . .        (shield currently unavailable)
rNeg    . . .        h - +0 ring mail
rPois   .            (no helmet)
rElec   .            (no cloak)
rCorr   .            (no gloves)
SInv    .            (no boots)
Will    .....        (no amulet)
Stlth   +            (no ring)
HPRegen 0.24/turn    (no ring)
MPRegen 0.10/turn

%: no passive effects
@: no status effects
A: no striking features
a: no special abilities


You were on level 3 of the Dungeon.
You visited 1 branch of the dungeon, and saw 3 of its levels.

You collected 96 gold pieces.


   Skills:
 - Level 1.5 Fighting
 + Level 7.5 Ranged Weapons
 - Level 2.4 Dodging
 - Level 1.2 Stealth


You had 3 spell levels left.
You didn't know any spells.
Your spell library was empty.

Inventory:

Hand Weapons
 a - a +0 shortbow (weapon)
Armour
 h - a +0 ring mail (worn)
Jewellery
 d - a ring of fire
Scrolls
 e - 2 scrolls of teleportation
Potions
 b - a potion of enlightenment {unknown}
 c - a potion of experience {unknown}
 f - a potion of curing
 g - a potion of might {unknown}

Dungeon Overview and Level Annotations

Branches:
Dungeon (3/15)

Altars:

Shops:
D:3 [


Message History

There is an open door here.
You see here a book of Scorching.
An endoplasm comes into view.
The endoplasm quivers.
You shoot an arrow.
The arrow hits the endoplasm but does no damage.
You shoot an arrow. The arrow hits the endoplasm.
The endoplasm is heavily wounded.
You shoot an arrow. The arrow hits the endoplasm.
You kill the endoplasm!
An orc comes into view.
It is wielding a +1 flail of protection.
The orc shouts!
You shoot an arrow. The arrow closely misses the orc.
You shoot an arrow. The arrow hits the orc.
The orc is moderately wounded.
The orc closely misses you.
You shoot an arrow.
The arrow hits the orc but does no damage.
The orc is moderately wounded.
The orc hits you with a +1 flail of protection!
You shoot an arrow.
The arrow hits the orc but does no damage.
The orc is moderately wounded.
The orc hits you with a +1 flail of protection.
You shoot an arrow.
The arrow hits the orc but does no damage.
The orc is moderately wounded.
The orc closely misses you.
The orc hits you with a +1 flail of protection!
You shoot an arrow.
The arrow hits the orc but does no damage.
The orc is moderately wounded.
The orc hits you but does no damage.
You shoot an arrow. The arrow completely misses the orc.
The orc hits you with a +1 flail of protection.
You shoot an arrow.
The arrow hits the orc but does no damage.
The orc is moderately wounded.
The orc hits you with a +1 flail of protection!
You die...

##+# .##...##
.#.....##
<.......#############
........#8.........8#
........#.....8.@...#
........#...#####o..#
........#...# ..!#
##.....##..8# 8..#
##...###.:.# ...#
##+..##...#####...#
####.#..'.....8.....+
.....####8.........8#
###..## #########


You could see an orc.

Vanquished Creatures
  4 adders (D:2)
  A ribbon worm (D:3)
  2 endoplasms
  A giant cockroach (D:2)
  A goblin (D:1)
  5 hobgoblins
  5 kobolds
  3 quokkas
  4 ball pythons
  4 bats
  3 frilled lizards
  7 rats
40 creatures vanquished.

Notes
Turn   | Place    | Note
-------+----------+-------------------------------------------
     0 | D:1      | qw the Deep Elf Hunter began the quest for the Orb.
     0 | D:1      | Reached XP level 1. HP: 12/12 MP: 3/3
     0 | D:1      | 0 ||| qw: Version: 0.3-a-155-g5e7d8dd
     0 | D:1      | 0 ||| qw: Game counter: 3393
     0 | D:1      | 0 ||| qw: Melee chars always use a shield: true
     0 | D:1      | 0 ||| qw: God list: Okawaru
     0 | D:1      | 0 ||| qw: Allow faded altars: false
     0 | D:1      | 0 ||| qw: Do Orc after clearing Dungeon:15 true
     0 | D:1      | 0 ||| qw: Do second Lair branch before Depths: true
     0 | D:1      | 0 ||| qw: Lair rune preference: random
     0 | D:1      | 0 ||| qw: Goals: Normal
     0 | D:1      | 0 ||| PLANNING D:1-11
   491 | D:1      | Reached skill level 6 in Ranged Weapons
   491 | D:1      | Reached XP level 2. HP: 16/16 MP: 4/4
   627 | D:1      | 627 ||| UPGRADING to +0 ring mail.
   637 | D:1      | 637 ||| DROPPING +0 leather armour.
   638 | D:1      | 638 ||| READING scroll labelled HESKIEGOUMN.
   739 | D:1      | 739 ||| READING 3 scrolls labelled OROEM LAOTYINEPE.
   742 | D:1      | 742 ||| READING scroll labelled RUHUAXEMER.
   742 | D:1      | 742 ||| IDENTIFYING glowing white potion
   743 | D:1      | 743 ||| DROPPING scroll of butterflies.
   821 | D:2      | Reached XP level 3. HP: 20/20 MP: 5/5
   837 | D:2      | Found a faded altar of an unknown god.
   895 | D:2      | Reached skill level 7 in Ranged Weapons
  1391 | D:2      | 1391 ||| READING scroll of identify.
  1391 | D:2      | 1391 ||| IDENTIFYING viscous dark potion
  1392 | D:2      | 1392 ||| READING scroll labelled XAPPEX GAAG.
  1432 | D:2      | 1432 ||| READING scroll labelled PIPUYZXAEJ.
  1433 | D:2      | 1433 ||| DROPPING potion of lignification.
  1449 | D:3      | Reached XP level 4. HP: 25/25 MP: 6/6
  1650 | D:3      | Found Darih's Antique Armour Boutique.
  1666 | D:3      | 1666 ||| SHOPLISTING cloak (126 gold, have 87).
  1666 | D:3      | 1666 ||| SHOPLISTING embroidered robe (103 gold, have 87).
  1935 | D:3      | Slain by an orc

Levels and vault maps discovered:
D:1:      dpeg_arrival_rhombus, layout_basic, corexii_corridor_pit,
          solitary_fountain
D:2:      layout_basic, hellmonk_ecumenical_altar_run_dry, st_stairs_2
D:3:      layout_loops_corners, serial_shops, nicolae_shop_tiny_glass,
          nicolae_nh_oracle_at_delphi

Skill      XL: |  1  2  3 |
---------------+----------+-----
Ranged Weapons | 6 7 |  7.5
Fighting       | |  1.5
Dodging        | |  2.4
Stealth        | |  1.2

Action                     |  1- 3 |  4- 6 || total
---------------------------+-------+-------++-------
   Fire: Shortbow          |    95 |    29 ||   124
    Use: Scroll            |     6 |       ||     6
 Armour: Leather armour    |     7 |       ||     7
         Ring mail         |    21 |    10 ||    31
  Dodge: Dodged            |    25 |     5 ||    30

Table legend:
 A = Non-vault XP
 B = Vault XP
 C = Vault XP percentage of total XP
 D = Non-vault monster count
 E = Vault monster count
 F = Vault count percentage of total count
                 A         B        C        D         E       F
            +---------+---------+-------+---------+---------+-------
      Total |     102 |       7 |   6.4 |      35 |       5 |  12.5
            +---------+---------+-------+---------+---------+-------
        D:1 |      14 |       0 |   0.0 |      10 |       0 |   0.0
        D:2 |      77 |       5 |   6.1 |      18 |       4 |  18.2
        D:3 |      11 |       2 |  15.4 |       7 |       1 |  12.5
            +---------+---------+-------+---------+---------+-------
